 Dungeon Crawl Stone Soup version 0.29-a0-834-g1e95ca9f62 (webtiles) character file.

Game seed: 15718853942652035192

130 kevlar127 the Ruffian (level 4, -1/48 HPs)
             Began as a Troll Berserker on July 13, 2022.
             Was a Believer of Trog.
             Slain by Sigmund
             ... wielding a +0 scythe
              (9 damage)
             ... on level 3 of the Dungeon.
             The game lasted 00:03:38 (2069 turns).

kevlar127 the Ruffian (Troll Berserker)             Turns: 2069, Time: 00:03:39

Health: -1/48      AC:  4    Str: 27    XL:     4   Next: 89%
Magic:  3/3        EV: 10    Int:  3    God:    Trog [**....]
Gold:   114        SH:  0    Dex:  9    Spells: 3/3 levels left

rFire   . . .      SeeInvis .     - Unarmed
rCold   . . .      Faith    .   (no shield)
rNeg    . . .      Spirit   .   a - +0 animal skin
rPois   .          Reflect  .   (helmet restricted)
rElec   .          Harm     .   (no cloak)
rCorr   .          Rampage  .   (gloves unavailable)
Will    .....                   (boots unavailable)
Stlth   +.........              (no amulet)
HPRegen 0.96/turn               (no ring)
MPRegen 0.08/turn               (no ring)

@: confused
A: large, unfitting armour, claws 3, regeneration 1, shaggy fur 1, tough skin 1
a: Renounce Religion, Berserk, Trog's Hand


You were on level 3 of the Dungeon.
You worshipped Trog.
Trog was pleased with you.
You visited 1 branch of the dungeon, and saw 3 of its levels.

You collected 114 gold pieces.

Inventory:

Missiles
 e - 27 stones (quivered)
 m - 5 poisoned darts
 n - 2 throwing nets
Armour
 a - a +0 animal skin (worn)
Wands
 k - a wand of acid (5)
Scrolls
 b - a scroll of amnesia {unknown}
 f - 2 scrolls of vulnerability {unknown}
 g - 3 scrolls of identify {unknown}
 h - 2 scrolls of teleportation {unknown}
 j - a scroll of enchant armour {unknown}
Potions
 c - 2 potions of curing {unknown}
 d - a potion of berserk rage {unknown}
 i - a potion of attraction {unknown}
 l - a potion of magic {unknown}


   Skills:
 + Level 3.7 Fighting
 - Level 2.5 Dodging
 + Level 4.4 Unarmed Combat


You had 3 spell levels left.
You didn't know any spells.
Your spell library was empty.

Dungeon Overview and Level Annotations

Branches:
Dungeon (3/15)

Altars:
Elyvilon

Annotations:
D:3 Sigmund


Innate Abilities, Weirdness & Mutations

You are too large for most types of armour.
You have claws for hands.
Your natural rate of healing is unusually fast.
You are covered in fur. (AC +1)
You have tough skin. (AC +1)


Message History

You feel less confused.
You hear a zap.
A puff of flame appears from out of thin air!
The puff of flame hits you. Something hits you.
You barely miss something. Something hits you!
You scratch something. You closely miss something.
Something hits you but does no damage.
You scratch something.
You hear a zap.
A puff of flame appears from out of thin air!
The puff of flame hits you.
You claw something!
You hear a zap.
A puff of flame appears from out of thin air!
The puff of flame hits you!
You barely miss something.
Unknown command.
You miss something.
You hear some strange, mumbled words.
You are confused.
You bump into the rock wall.
Something hits you but does no damage.
You bump into the rock wall.
You hear some strange, mumbled words.
Something tries to affect you, but you resist.
Unknown command.
You closely miss something. Something hits you.
* * * LOW HITPOINT WARNING * * *
You miss something.
Unknown command.
You miss something.
You hear some strange, mumbled words.
A magic dart appears from out of thin air!
The magic dart hits you!
* * * LOW HITPOINT WARNING * * *
Unknown command.
You are too confused!
Unknown command.
You bump into the rock wall.
Something hits you!
You die...

##.........# #.#
###.############.#####
#.# #.........# ##+#
#.###.###)# #...# #.#
#.# #.# # ...).#
#.###.###.# ## ...?..#
#..##..##.# .####
.......####...##.##.#
....+
.......'{@.....#.##.#
.####
.......####...##.##.#
## ......# #.........#
# .....# ##.###.##.#
#...# #.# #.##.# ##+#
#.###.##.# #.....##.#
#..#####.# #..# #.#


There were no monsters in sight!

Vanquished Creatures
  An iguana (D:3)
  4 adders (D:2)
  A dart slug (D:2)
  4 orcs (D:3)
  5 bats
  10 endoplasms
  2 giant cockroaches
  4 goblins
  4 hobgoblins
  4 quokkas
  7 ball pythons
  3 frilled lizards (D:2)
  8 kobolds
  5 rats
62 creatures vanquished.

Notes
Turn   | Place    | Note
-------+----------+-------------------------------------------
     0 | D:1      | kevlar127 the Troll Berserker began the quest for the Orb.
     0 | D:1      | Reached XP level 1. HP: 22/22 MP: 0/0
   148 | D:1      | Reached XP level 2. HP: 29/29 MP: 1/1
   946 | D:2      | Reached XP level 3. HP: 37/37 MP: 2/2
  1144 | D:2      | Reached ** piety under Trog
  1197 | D:2      | Reached skill level 4 in Unarmed Combat
  1206 | D:2      | Reached XP level 4. HP: 42/45 MP: 3/3
  1582 | D:2      | Found a faded altar of an unknown god.
  1906 | D:3      | Found a white marble altar of Elyvilon.
  2046 | D:3      | Noticed Sigmund
  2069 | D:3      | Slain by Sigmund

Illustrated notes

Levels and vault maps discovered:
D:1:      dpeg_arrival_short_road, layout_basic
D:2:      minmay_evil_eye, layout_loops_ring, ebering_ecumenical_altar_hall,
          minmay_unequal
D:3:      layout_loops_corners, elyvilon_altar_1, uniq_sigmund, uniq_jessica

Skill      XL: |  1  2  3 |
---------------+----------+-----
Fighting       | 3 |  3.7
Unarmed Combat | 4 |  4.4
Dodging        | |  2.5

Action                   |  1- 3 |  4- 6 || total
-------------------------+-------+-------++-------
Melee: Unarmed           |    89 |    65 ||   154
       Punch             |     1 |     2 ||     3
Armor: Animal skin       |    25 |    22 ||    47
Dodge: Dodged            |    52 |    25 ||    77

Table legend: (Time is in decaauts)
 A = Elapsed time spent in this place.
 B = Non-inter-level travel time spent in this place.
 C = Inter-level travel time spent in this place.
 D = Time resting spent in this place.
 E = Time spent auto-exploring this place.
 F = Levels seen in this place.
 G = Mean time per level.
                   A        B        C        D        E       F      G
               +--------+--------+--------+--------+--------+-----+--------+
         Total |   2057 |   1914 |    143 |      0 |   1570 |   3 |  685.7 |
       Dungeon |   2057 |   1914 |    143 |      0 |   1570 |   3 |  685.7 |
               +--------+--------+--------+--------+--------+-----+--------+

Top non-repeatable levels by time:
     D:1: 928 daAuts
     D:2: 812 daAuts
     D:3: 315 daAuts
